Cogmind - Beta 9.4 *** ADVENTURER MODE // 2020.06.15 @ 22:58:49 Player: Scyralis Result: Destroyed by G-47 Trooper with Particle Gun Performance ------------- Evolutions (0) 0 Regions Visited (2) 400 Robots Destroyed (23) 115 Value Destroyed (469) 469 Prototype IDs (2) 40 Alien Tech Used (0) 0 Bonus (32) 32 TOTAL SCORE: 1056 Bonus ------- High Alert Combat Kills 32 Cogmind --------- Core Integrity 0/250 Matter 300/300 Energy 100/100 System Corruption 2% Temperature Cool (9) Movement Core (300) Ox5 Location -10/Mines Parts ------- > --- POWER (1) -------- (None) > --- PROPULSION (2) --- (None) > --- UTILITY (2) ------ Large Storage Unit Improved Signal Interpreter > --- WEAPON (2) ------- (None) > --- INVENTORY (10) --- Heat Sink Medium Battery (200) Structural Scanner Sensor Array Terrain Scan Processor Peak State ------------ > --- POWER ------------ Ion Engine > --- PROPULSION ------- Wheel Compact Wheel > --- UTILITY ---------- Small Storage Unit Tractor Beam > --- WEAPON ----------- Light Assault Rifle Light Assault Rifle > --- INVENTORY -------- (None) [Rating: 7] Favorites ----------- Power Ion Engine Engine Ion Engine Propulsion Compact Wheel Leg Aluminum Leg Wheel Compact Wheel Hover Unit Backup Propulsion I Utility Large Storage Unit Device Tractor Beam Storage Large Storage Unit Processor Improved Signal Interpreter Weapon Light Assault Rifle Ballistic Gun Light Assault Rifle Build | -11 -10 -10 ------- Run | Scr Mat Min Slots Evolved . | . . . Power . | . . . Propulsion . | . . . Utility . | . . . Weapon . | . . . Parts Attached 14 | 7 7 . Power 1 | 1 . . Engine 1 | 1 . . Core . | . . . Reactor . | . . . Propulsion 7 | 2 5 . Treads . | . . . Leg 2 | . 2 . Wheel 5 | 2 3 . Hover . | . . . Flight . | . . . Utility 4 | 2 2 . Device 1 | 1 . . Storage 2 | 1 1 . Processor 1 | . 1 . Hackware . | . . . Protection . | . . . Artifact . | . . . Weapon 2 | 2 . . Energy Gun . | . . . Energy Cannon . | . . . Ballistic Gun 2 | 2 . . Ballistic Cannon . | . . . Launcher . | . . . Special Weapon . | . . . Impact Weapon . | . . . Slashing Weapon . | . . . Piercing Weapon . | . . . Special Melee Weapon . | . . . Unidentified Prototypes . | . . . Parts Lost 7 | . 3 4 Power 1 | . . 1 Propulsion 3 | . 1 2 Utility 1 | . 1 . Weapon 2 | . 1 1 Highest Loss Streak 3 | . 3 3 Average Slot Usage (%) 85 | . 93 58 Engine 13 | . 14 10 Leg 9 | . 6 19 Wheel 15 | . 19 . Device 7 | . 9 . Storage 14 | . 14 14 Processor 5 | . 3 14 Ballistic Gun 18 | . 24 . Naked Turns . | . . . Heaviest Build 24 | 12 24 21 Greatest Support 32 | 26 32 20 Greatest Overweight (x) 5 | . 1 5 Average Overweight (x) . | . . 1 Largest Inventory Capacity 10 | 6 10 10 Average Capacity 9 | 5 9 10 Most Carried 7 | 2 7 5 Average Carried 3 | . 3 5 Final Capacity 10 | 6 10 10 Final Carried 5 | . 5 5 Class Distribution -------------------- 100% | Mutant Dominant Class ---------------- Mutant | -10/Materials Mutant | -10/Mines Resources | -11 -10 -10 ----------- Run | Scr Mat Min Matter Collected 456 | 280 176 . Remotely 289 | 181 108 . Salvage Created 881 | 99 732 50 Parts 58 | 3 55 . Haulers Intercepted 1 | . 1 . Recyclers Shooed . | . . . Parts Field Recycled . | . . . Retrieved Matter . | . . . Parts Self-Destructed . | . . . Prevented . | . . . Kills | -11 -10 -10 ------- Run | Scr Mat Min Combat Hostiles Destroyed 15 | . 14 1 Melee 1 | . . 1 Guns 14 | . 14 . Classes Destroyed 6 | 1 5 . Worker 2 | . 2 . Builder 3 | . 3 . Hauler 1 | . 1 . Recycler 2 | 1 1 . Swarmer 3 | . 3 . Grunt 12 | . 11 1 Best Kill Streak 7 | 1 7 1 Combat Bots Only 6 | . 6 1 Max Kills in Single Turn 1 | 1 1 1 Gunslinging . | . . . Exploded . | . . . Melee 1 | . . 1 Uniques/NPCs Destroyed . | . . . Combat | -11 -10 -10 -------- Run | Scr Mat Min Damage Taken 868 | . 346 522 Core 258 | . 55 203 Absorbed by Shields . | . . . Core Remaining (%) 100 | 100 . . Volleys Fired 72 | 5 63 4 Largest 2 | 2 2 1 Hottest 40 | 40 40 20 Shots Fired 135 | 10 121 4 Gun 135 | 10 121 4 Cannon . | . . . Launcher . | . . . Special . | . . . Kinetic 135 | 10 121 4 Thermal . | . . . Explosive . | . . . Electromagnetic . | . . . Robot Hit Streak 26 | 4 26 5 Robot Miss Streak 2 | 1 2 . Penetration Max . | . . . Secondary Targets 3 | . 3 . Max Gunslinging Chain 1 | . 1 . Shots Hit Robots 107 | 7 96 4 Core Hits 61 | 3 47 11 Critical Hits . | . . . Critical Kills . | . . . Critical Parts Destroyed . | . . . Melee Attacks . | . . . Impact . | . . . Slashing . | . . . Piercing . | . . . Sneak Attacks . | . . . Combat Hostiles . | . . . Follow-up Attacks . | . . . Damage Inflicted 875 | 57 745 73 Guns 835 | 57 745 33 Cannons . | . . . Explosions . | . . . Melee . | . . . Ramming 40 | . . 40 Kinetic 835 | 57 745 33 Thermal . | . . . Explosive . | . . . Electromagnetic . | . . . Impact . | . . . Slashing . | . . . Piercing . | . . . Highest Corruption 2 | . . 2 Average Corruption 2 | . . 2 Corruption Purged . | . . . Overload Shots . | . . . Overflow Damage . | . . . Projectiles . | . . . Explosions . | . . . Melee . | . . . Knockbacks . | . . . Impact . | . . . Kinetic . | . . . Secondary . | . . . Self-Inflicted Damage 8 | . . 8 Shots . | . . . Rammed 9 | . . 9 Targets Rammed 22 | . . 22 Kicked 13 | . . 13 Crushed . | . . . Highest Temperature 34 | . 34 15 Average Temperature 10 | . 10 11 Received Heat Transfer 597 | . 216 381 Siege Activations . | . . . Robots Corrupted . | . . . Combat Hostiles . | . . . Parts Fried . | . . . Impact Corruptions . | . . . Robots Melted . | . . . Combat Hostiles . | . . . Parts Melted . | . . . Heat Transferred . | . . . Parts Sabotaged . | . . . Parts Stolen . | . . . Parts Stripped . | . . . Power Chain Reactions . | . . . Missiles Intercepted . | . . . Alert | -11 -10 -10 ------- Run | Scr Mat Min Peak Influence 450 | 5 450 84 Average Influence 154 | 3 202 71 Maximum Alert Level 2 | . 2 . Low Security (%) 64 | 100 48 100 Level 1 29 | . 43 . Level 2 5 | . 8 . Level 3 . | . . . Level 4 . | . . . Level 5 . | . . . High Security . | . . . Max Security . | . . . Squads Dispatched 5 | . 5 . Investigation 5 | . 5 . Extermination . | . . . Reinforcement . | . . . Assault . | . . . Garrison . | . . . Intercept . | . . . Construction Impeded . | . . . Haulers Reinforced . | . . . Stealth | -11 -10 -10 --------- Run | Scr Mat Min Distress Signals 2 | . 2 . Communications Jammed . | . . . Distress Signals . | . . . Times Spotted 21 | . 19 2 Peak Tracking Total 5 | . 5 2 Tactical Retreats 1 | . 1 . Traps | -11 -10 -10 ------- Run | Scr Mat Min Traps Triggered 1 | . 1 . Indirectly . | . . . Trap Hack Attempts . | . . . Triggered . | . . . Disarmed . | . . . Reprogrammed . | . . . Reused . | . . . Traps Extracted . | . . . Installed . | . . . Triggered . | . . . Machines | -11 -10 -10 ---------- Run | Scr Mat Min Machines Disabled . | . . . Max in Single Turn . | . . . Machines Sabotaged . | . . . Garrisons Compromised . | . . . Overloaded Fab Kills . | . . . Fab Network Shutdowns . | . . . Hacking | -11 -10 -10 --------- Run | Scr Mat Min Machines Accessed 5 | . 5 . Terminals 4 | . 4 . Fabricators . | . . . Repair Stations 1 | . 1 . Recycling Units . | . . . Scanalyzers . | . . . Garrison Access . | . . . Total Hacks 21 | . 21 . Successful 16 | . 16 . Failed 5 | . 5 . Catastrophic 2 | . 2 . Database Lockouts . | . . . Manual 1 | . 1 . Terminals 17 | . 17 . Fabricators . | . . . Repair Stations 4 | . 4 . Recycling Units . | . . . Scanalyzers . | . . . Garrison Access . | . . . Terminal Hacks 13 | . 13 . Record 2 | . 2 . Prototype ID Bank 1 | . 1 . Emergency Access Points 1 | . 1 . Repair Station Index 1 | . 1 . Alert Level 1 | . 1 . Locate Traps 2 | . 2 . Dispatch Records 1 | . 1 . Surveillance Status 1 | . 1 . Recall Reinforcements 1 | . 1 . Hauler Manifests 1 | . 1 . Zone Layout 1 | . 1 . Fabricator Hacks . | . . . Repair Station Hacks 3 | . 3 . Scan Component 1 | . 1 . Repair 1 | . 1 . Refit 1 | . 1 . Recycling Unit Hacks . | . . . Scanalyzer . | . . . Garrison Access Hacks . | . . . Unauthorized Hacks . | . . . Terminals . | . . . Fabricators . | . . . Repair Stations . | . . . Recycling Units . | . . . Scanalyzers . | . . . Garrison Access . | . . . Data Cores Recovered . | . . . Used . | . . . Hacking Detections 5 | . 5 . Full Trace Events 5 | . 5 . Feedback Events . | . . . Feedback Blocked . | . . . Robot Schematics Acquired . | . . . Robots Built . | . . . Matter . | . . . Time . | . . . Total Robot Build Rating . | . . . Part Schematics Acquired . | . . . Parts Built . | . . . Matter . | . . . Time . | . . . Total Part Build Rating . | . . . Parts Repaired 1 | . 1 . Time 26 | . 26 . Parts Recycled . | . . . Recycled Matter . | . . . Retrieved Matter . | . . . Retrieved Components . | . . . Parts Scanalyzed . | . . . Part Schematics Acquired . | . . . Parts Damaged . | . . . Bothacking | -11 -10 -10 ------------ Run | Scr Mat Min Used RIF Installer . | . . . Robots Hacked . | . . . Non-combat . | . . . Combat . | . . . Robot Hacks Applied . | . . . Relay Couplers Released . | . . . Robots Rewired . | . . . Allies Hacked . | . . . Hacks Repelled . | . . . Allies | -11 -10 -10 -------- Run | Scr Mat Min Total Allies . | . . . Largest Group . | . . . Highest-Rated Group . | . . . Highest-Rated Ally . | . . . Total Orders . | . . . Ally Attacks . | . . . Total Damage . | . . . Kills . | . . . Allies Corrupted . | . . . Allies Melted . | . . . Intel | -11 -10 -10 ------- Run | Scr Mat Min Robot Analysis Total . | . . . Derelict Logs Recovered 2 | . . 2 Drone Launches . | . . . Drone Recoveries . | . . . Exploration | -11 -10 -10 ------------- Run | Scr Mat Min Turns Passed 723 | 72 497 154 Spaces Moved 386 | 53 271 62 Core 18 | 5 . 13 Treads . | . . . Legs 115 | . 66 49 Wheels 253 | 48 205 . Hover . | . . . Flight . | . . . Fastest Speed 50 | 50 90 150 Average Speed 115 | 86 106 181 Slowest Speed 300 | 90 150 300 Overloaded Moves . | . . . Propulsion Burnouts . | . . . Robots Hopped . | . . . Cave-ins Triggered . | . . . Exploration Rate (%) 21 | 5 48 11 Regions Visited 2 Branch Regions 1 Pre-discovered Areas . | . . . Known Exits Taken 1 | . 1 . Unknown Exits Taken 1 | 1 . . Scrap Searched . | . . . Spaces Dug . | . . . Terrain Destroyed . | . . . Melee . | . . . Projectile . | . . . AOE . | . . . Actions | -11 -10 -10 --------- Run | Scr Mat Min Total 544 | 71 385 88 Wait 26 | . 26 . Move 384 | 52 270 62 Hop . | . . . Pick Up 20 | 7 13 . Fast Attach . | . . . Attach 11 | 7 4 . Detach . | . . . Swap 3 | . 3 . Drop 6 | . 6 . Fire 72 | 5 63 4 Melee . | . . . Ram 1 | . . 1 Kick 21 | . . 21 Crush . | . . . Escape Stasis . | . . . Rewire . | . . . Trap . | . . . Miscellaneous . | . . . Route ------- -11/Scrapyard -10/Materials (discovered 2 exits: [*Mat] / *Min) -10/Mines History --------- Turn | Location | Event 11 | -11/Scrapyard | Discovered new exit (range 16) 73 | -11/Scrapyard | Entered Materials 190 | -10/Materials | Repaired Com. Wheel 308 | -10/Materials | Build established: Mutant 380 | -10/Materials | Discovered new exit (range 20) 483 | -10/Materials | Lost 3 parts (1n1u1w) 488 | -10/Materials | Discovered new exit (range 13) 569 | -10/Materials | Identified exit to Mines 570 | -10/Materials | Entered Mines 641 | -10/Mines | Learned Materials garrison access intel 647 | -10/Mines | Learned location of 1 exit from Materials 657 | -10/Mines | Core integrity fell below 50% 696 | -10/Mines | Core integrity fell below 20% 714 | -10/Mines | Lost 3 parts (1p2n) 724 | -10/Mines | Destroyed by G-47 Trooper with Particle Gun Last Messages --------------- 00641_ Acquired derelict log, extracted data. Data stored: Materials garrison access intel. 00647_ Acquired derelict log, extracted data. Data stored: Materials exits (x1). 00653_ Kicked G-34 Mercenary out of the way. 00660_ Slammed into G-34 Mercenary. 00662_ Kicked G-34 Mercenary out of the way. 00663_ Slammed into G-34 Mercenary. 00666_ Destabilizing: Short circuit. 00666_ Broken Imp. Signal Interpreter permanently disabled. 00668_ Kicked G-34 Mercenary out of the way. 00672_ Slammed into G-34 Mercenary. 00675_ Kicked G-34 Mercenary out of the way. 00679_ Aluminum Leg destroyed. 00680_ Slammed into G-34 Mercenary. 00682_ Aluminum Leg destroyed. 00683_ Ion Engine destroyed. 00683_ Slammed into G-34 Mercenary. 00683_ G-34 Mercenary destroyed. 00683_ Destabilizing: System corrupted (+2). Map ----- +----------------------------------------------------+ | | | | | | | | | | | | | | | | | | | | | ????????????????????????????????????????? | | ????????????????????????????????????????? | | ????????????????????????????????????????? | | ???############?????????????????????????? | | ???# #?????????????????????????? | | ???# """ """ #?????????????????????????? | | ???# """ """ #?????????????????????????? | | ???# """ """ #?????????????????????????? | | ???# #?????????????????????????? | | ???# """ """ #?????????????????????????? | | ???# """ """ #?????????????????????????? | | ???# """ """ #?????????????????????????? | | ???# #?????????????????????????? | | ???# ####??????????????????????? | | ???# g#??????????????????????? | | ???# % ##@#??????????????????????? | | ???########%#### #??????????????????????? | | ??????????#%#??# #??????????????????????? | | ??????????#%#??# #??????????????????????? | | ??????????#%#??# ??????????????????????? | | ??????????#%#??# ??????????????????????? | | ??????????#%#??###??????????????????????? | | ??????????#%#???????????????????????????? | | ??????????#%#???????????????????????????? | | ??????????#%#???????????????????????????? | | ??????????#%#???????????????????????????? | | ??????????#%#???????????????????????????? | | ??????#####%#???????????????????????????? | | ??????#%%%%%#???????????????????????????? | | ??????#%#####???????????????????????????? | | ?????##%#???????????????????????????????? | | ????## %##??????????????????????????????? | | ????# % #??????????????????????????????? | | ??# #??????????????????????????????? | | ?# #?????????????????????????????? | | ?# #?????????????????????????????? | | ?# ##?????????????????????????????? | | ?# ##??????????????????????????????? | | ?## ##???????????????????????????????? | | ??#####?????????????????????????????????? | +----------------------------------------------------+ Best States ------------- Heat Dissipation 25 Energy Generation 10 Energy Capacity 250 Matter Stores 300 Matter Capacity 300 Sight Range 16 Terrain Scan Density 10 Resistance: KI 20 Resistance: TH 20 Resistance: EX 20 Resistance: EM 20 Resistance: I 20 Resistance: S 20 Resistance: P 20 Evasion (%) 42 Offensive Hacking 10 Item Schematics ----------------- None Robot Schematics ------------------ None Fabricated ------------ Nothing Alien Tech Used ----------------- None Achievements -------------- None Challenges ------------ None Game ------ Seed LightningDeuteriumPit Manual? 0 Play Time 00:07:11 Cumulative 7.4 hours Start 2020.06.15 @ 22:51:09 End 2020.06.15 @ 22:58:49 Sessions 1 Manual Loads 0 Difficulty Adventurer Special Mode None Game No. 14 Rogue 0 Adventurer 14 Explorer 0 Win Type - Total 0 Types 0/0/0/0/0/0/0 Lore% 6 Gallery% 23 Achievement% 18 Wizard Run 0 Options --------- ASCII 0 Keyboard 0 Movement Numpad Keybinds 0 Fullscreen 1 Font 12/Smallcaps Map View 83x54 Tactical HUD 1 Map Filters NONE Filters NONE Steam X RUN: 0910f7f9-669a-4531-b5bb-e0b8e371ac56